 Dungeon Crawl Stone Soup version 0.29-a0-830-gcb1280458a (webtiles) character file.

Game seed: 18427272705086608623

4305 blackman the Basher (level 10, -2/65 HPs)
             Began as a Human Artificer on July 11, 2022.
             Was a High Priest of Elyvilon.
             Slain by a two-headed ogre
             ... wielding a +0 giant club
              (12 damage)
             ... on level 8 of the Dungeon.
             The game lasted 00:29:04 (10902 turns).

blackman the Basher (Human Artificer)              Turns: 10902, Time: 00:29:05

Health: -2/65      AC: 16    Str: 17    XL:     10   Next: 58%
Magic:  10/10      EV:  5    Int: 11    God:    Elyvilon [*****.]
Gold:   310        SH:  0    Dex: 14    Spells: 9/9 levels left

rFire   . . .      SeeInvis .   F - +4 whip (elec)
rCold   . . .      Faith    .   (no shield)
rNeg    . . .      Spirit   .   g - +0 plate armour
rPois   .          Reflect  .   v - +0 helmet
rElec   .          Harm     .   w - +0 cloak
rCorr   .          Rampage  .   c - +1 pair of gloves
Will    .....                   u - +0 pair of boots
Stlth   ..........              E - amulet of regeneration
HPRegen 1.00/turn               (no ring)
MPRegen 0.12/turn               (no ring)

@: no status effects
A: no striking features
a: Renounce Religion, Purification, Heal Other, Heal Self, Divine Vigour


You were on level 8 of the Dungeon.
You worshipped Elyvilon.
Elyvilon was extremely pleased with you.
You visited 2 branches of the dungeon, and saw 9 of its levels.
You also visited: Bailey.

You collected 310 gold pieces.

Inventory:

Hand Weapons
 a - a +0 club
 e - a +0 broad axe of venom
 m - a +0 antimagic whip
 r - a +0 whip
 D - a +4 halberd of venom
 F - a +4 whip of electrocution (weapon)
Missiles
 f - 4 javelins
 q - a throwing net
 J - 7 poisoned darts
 K - 6 datura-tipped darts
Armour
 b - a +0 leather armour
 c - a +1 pair of gloves (worn)
 g - a +0 plate armour (worn)
 u - a +0 pair of boots (worn)
 v - a +0 helmet (worn)
 w - a +0 cloak (worn)
Jewellery
 E - an amulet of regeneration (around neck)
Wands
 d - a wand of charming (7)
Scrolls
 i - 3 scrolls of fog
 j - 2 scrolls of magic mapping {unknown}
 o - a scroll of fear
 s - 3 scrolls of enchant armour {unknown}
 t - 2 scrolls of immolation {unknown}
 y - a scroll of identify
 z - 2 scrolls of noise {unknown}
 A - a scroll of summoning
 B - 4 scrolls of enchant weapon {unknown}
Potions
 h - 3 potions of curing
 l - 3 potions of flight {unknown}
 n - a potion of brilliance
 p - 2 potions of attraction {unknown}
 x - 2 potions of heal wounds {unknown}
 C - a potion of cancellation {unknown}
 G - a potion of haste {unknown}
 H - a potion of ambrosia {unknown}
 I - 2 potions of mutation {unknown}
 L - a potion of lignification {unknown}


   Skills:
 - Level 1.3 Fighting
 * Level 10.9 Maces & Flails
 - Level 0.6 Polearms
 - Level 2.0 Armour
 - Level 1.0 Dodging
 - Level 1.0 Stealth
 - Level 10.2 Evocations


You had 9 spell levels left.
You didn't know any spells.
Your spell library contained the following spells:

 Spells                   Type           Power      Damage    Failure   Level
 Magic Dart               Conj           0%         1d3       100%        1
 Sandblast                Erth           0%         2d4       100%        1
 Passwall                 Tmut/Erth      0%         N/A       100%        2
 Searing Ray              Conj           0%         2d4       100%        2
 Dazzling Flash           Conj/Hex       0%         N/A       100%        3
 Gell's Gravitas          Tloc           0%         N/A       100%        3
 Lesser Beckoning         Tloc           0%         N/A       100%        3
 Stone Arrow              Conj/Erth      0%         3d7       100%        3
 Teleport Other           Tloc           0%         N/A       100%        3
 Fulminant Prism          Conj/Hex       0%         3d6       100%        4
 Iskenderun's Mystic Bla  Conj/Tloc      0%         2d3       100%        4
 Starburst                Conj/Fire      0%         6d3       100%        6
 Chain Lightning          Conj/Air       0%         N/A       100%        9
 Fire Storm               Conj/Fire      0%         5d1       100%        9
 Shatter                  Erth           0%         3d5*      100%        9


Dungeon Overview and Level Annotations

Branches:
Dungeon (8/15)             Temple (1/1) D:5          Bailey (visited)
   Lair: D:8-11

Altars:
Ashenzari
Cheibriados
Dithmenos
Elyvilon
Fedhas
Gozag
Hepliaklqana
Kikubaaqudgha
Makhleb
Nemelex Xobeh
Okawaru
Qazlal
Ru
Sif Muna
Trog
Uskayaw
Vehumet
Xom
Yredelemnul
Zin
The Shining One

Annotations:
D:7 3 runed translucent doors, Encipher's ghost, novice OpTm
D:8 Gastronok


Message History

The wolf is severely wounded.
You hear a shout!
The wolf bites you but does no damage. The wolf bites you.
You hear a shout! x2
You hit the wolf. You punch the wolf, but do no damage.
The wolf is severely wounded.
You hear a shout!
The wolf bites you but does no damage. The wolf bites you.
You whack the wolf!
You kill the wolf!
The wolf bites you.
* * * LOW HITPOINT WARNING * * *
The wolf bites you.
* * * LOW HITPOINT WARNING * * *
You see here a wolf corpse.
Your surroundings suddenly seem different.
You start resting.
A wyvern is nearby!
A wyvern is nearby!
A wyvern is nearby!
You open the door.
Gastronok the Ponderous comes into view.
He is wearing the +3 hat of Pondering {ponderous, Will+ MP+10 Int+5}.
Gastronok gurgles horribly!
There is an open door here.
Gastronok waves his eye-stalks in wide circles.
The air twists around and strikes you!!
* * * LOW HITPOINT WARNING * * *
You close the door.
As you read the scroll of fog, it crumbles to dust.
The scroll dissolves into smoke.
As you read the scroll of teleportation, it crumbles to dust.
You feel strangely unstable.
Your surroundings suddenly seem different.
A two-headed ogre comes into view.
It is wielding a +0 giant club and a +0 giant spiked club.
Found six items.
The two-headed ogre shouts in stereo!
The two-headed ogre hits you with a +0 giant club!
Elyvilon protects you from harm!
The two-headed ogre hits you with a +0 giant spiked club!
You die...

####....
...w..
...### ...#
###########
#.....[...#
#.........#
#.......[.#
#.@.......#
#..O......#
#..[..(...#
#.........#
#......(..#
+.........'
#.........#
#...).....#


You could see a two-headed ogre.

Vanquished Creatures
  Pikel (D:5)
  An orc sorcerer (Bailey)
  A kobold demonologist (Bailey)
  A wyvern (D:8)
  A steam dragon (D:6)
  2 water moccasins
  4 orc warriors
  A black bear (D:5)
  4 centaurs
  An ogre (D:6)
  2 wolves (D:8)
  2 lemures
  A gnoll sergeant (D:7)
  A kobold brigand (D:6)
  Blork the orc (D:5)
  A necrophage (D:5)
  3 bullfrogs (D:7)
  2 scorpions
  2 killer bees (D:7)
  An electric eel (Bailey)
  2 quasits (D:4)
  A hound (D:7)
  A jelly (D:2)
  3 orc priests
  A gnoll bouda (D:3)
  7 iguanas
  2 orc wizards
  12 gnolls
  7 adders
  3 shadow imps
  3 white imps
  An ufetubus (D:4)
  2 worms
  2 dart slugs
  16 orcs
  8 ball pythons
  3 endoplasms
  2 giant cockroaches
  14 goblins
  12 hobgoblins
  6 jackals
  2 quokkas
  8 bats
  A frilled lizard (D:1)
  17 kobolds
  7 rats
176 creatures vanquished.

Vanquished Creatures (collateral kills)
  An orc warrior (Bailey)
  A killer bee (D:7)
  An electric eel (Bailey)
  An adder (D:3)
  An orc (D:8)
  2 hobgoblins
7 creatures vanquished.

Vanquished Creatures (others)
  An orc knight (Bailey)
  An orc warrior (Bailey)
  A wolf (D:8)
  3 killer bees (D:7)
  An adder (D:6)
  4 gnolls
  An endoplasm (D:4)
  3 goblins
  2 hobgoblins
  A kobold (D:3)
  A demonic plant (D:4)
  2 fungi (D:8)
  13 plants (D:8)
34 creatures vanquished.

Grand Total: 217 creatures vanquished

Notes
Turn   | Place    | Note
-------+----------+-------------------------------------------
     0 | D:1      | blackman the Human Artificer began the quest for the Orb.
     0 | D:1      | Reached XP level 1. HP: 15/15 MP: 1/1
   237 | D:1      | Reached XP level 2. HP: 9/21 MP: 2/2
   735 | D:1      | Found a faded altar of an unknown god.
   744 | D:1      | Reached XP level 3. HP: 24/26 MP: 3/3
   767 | D:1      | Prayed at the altar of an unknown god.
   767 | D:1      | Became a worshipper of Elyvilon the Healer
   767 | D:1      | Reached * piety under Elyvilon
  1054 | D:2      | HP: 1/26 [frozen (5)]
  1054 | D:2      | Elyvilon protects you from harm!
  1055 | D:2      | Elyvilon protects you from harm!
  1384 | D:2      | Reached skill level 5 in Evocations
  1384 | D:2      | Reached XP level 4. HP: 13/32 MP: 4/4
  2089 | D:2      | Reached ** piety under Elyvilon
  2111 | D:2      | Reached XP level 5. HP: 16/37 MP: 5/5
  3269 | D:3      | Found an iron altar of Okawaru.
  3278 | D:3      | Found a glowing silver altar of Zin.
  4059 | D:3      | Reached XP level 6. HP: 7/43 MP: 1/6
  5317 | D:4      | Reached skill level 1 in Maces & Flails
  5639 | D:4      | Reached *** piety under Elyvilon
  5695 | D:4      | Reached XP level 7. HP: 48/48 MP: 7/7
  6018 | D:5      | Entered Level 5 of the Dungeon
  6054 | D:5      | Found a staircase to the Ecumenical Temple.
  6063 | D:5      | Reached skill level 5 in Maces & Flails
  6065 | Temple   | Entered the Ecumenical Temple
  6340 | D:5      | Reached **** piety under Elyvilon
  6417 | D:5      | Noticed Blork the orc
  6423 | D:5      | Killed Blork the orc
  6424 | D:5      | Reached XP level 8. HP: 54/54 MP: 8/8
  6573 | D:5      | Noticed Pikel
  6623 | D:5      | Killed Pikel
  6867 | D:6      | Identified the +10 short sword "Hulk" {spect, rElec rPois
                  | rN+ Stlth+}
  6990 | D:6      | Reached XP level 9. HP: 59/59 MP: 9/9
  8327 | D:7      | Found a flagged portal.
  8409 | Bailey   | Entered a bailey
  9007 | Bailey   | Noticed an orc knight
  9015 | Bailey   | Noticed an orc sorcerer
  9027 | Bailey   | Noticed a hellwing
  9060 | Bailey   | Paralysed by an orc sorcerer for 3 turns
  9071 | Bailey   | Killed an orc sorcerer
  9072 | Bailey   | Reached XP level 10. HP: 65/65 MP: 10/10
  9234 | Bailey   | Noticed a kobold demonologist
  9262 | Bailey   | Killed a kobold demonologist
  9263 | Bailey   | Reached skill level 10 in Evocations
  9564 | Bailey   | Found an iron altar of Okawaru.
  9982 | D:7      | Found a bloodstained altar of Trog.
 10139 | D:7      | Reached skill level 10 in Maces & Flails
 10164 | D:7      | Found a runed translucent gate.
 10164 | D:7      | Found a runed translucent gate.
 10164 | D:7      | Found a runed translucent gate.
 10167 | D:7      | Noticed a two-headed ogre
 10168 | D:7      | Noticed Encipher's ghost (novice OpTm)
 10416 | D:8      | Reached ***** piety under Elyvilon
 10894 | D:8      | Noticed Gastronok
 10901 | D:8      | Noticed a two-headed ogre
 10902 | D:8      | Elyvilon protects you from harm!
 10902 | D:8      | Slain by a two-headed ogre

Illustrated notes

Levels and vault maps discovered:
D:1:      scummos_arrival_checkerplants, layout_basic,
          hellmonk_ecumenical_altar_dog_temple
D:2:      layout_basic
D:3:      layout_loops_ring, mainiacjoe_overflow_swirl, st_stairs_10,
          lightli_corner_chamber
D:4:      layout_cave_pools, serial_demonic, serial_demonic_b, serial_demonic_d,
          serial_demonic_f, serial_demonic_a, minmay_tree_intersection
D:5:      layout_loops_ring, minmay_temple_entry_statues_pillars, uniq_pikel,
          uniq_blork_the_orc
D:6:      layout_basic, kennysheep_dice
D:7:      layout_gridville, trog_book, gammafunk_ghost_split, enter_bailey_5,
          feat_on_display
D:8:      layout_basic, minmay_lair_entry_grove, uniq_gastronok, uniq_erica
Temple:   compressed_dpeg_circular_temple

Skill      XL: |  1  2  3  4  5  6  7  8  9 10 |
---------------+-------------------------------+-----
Evocations     | 4 5 6 9 10 | 10.2
Maces & Flails | 2 5 8 9 10 | 10.9
Fighting       | |  1.3
Polearms       | |  0.6
Armour         | |  2.0
Dodging        | |  1.0
Stealth        | |  1.0

Action                   |  1- 3 |  4- 6 |  7- 9 | 10-12 || total
-------------------------+-------+-------+-------+-------++-------
Melee: Club              |   147 |    16 |       |       ||   163
       Punch             |     2 |     3 |     1 |     2 ||     8
       Whip              |       |   250 |   239 |   140 ||   629
       Halberd           |       |     8 |       |       ||     8
Throw: Javelin           |       |       |     2 |       ||     2
       Dart              |       |       |       |     5 ||     5
Evoke: Wand              |     3 |    17 |    13 |     5 ||    38
  Use: Potion            |     2 |     2 |       |       ||     4
       Scroll            |       |       |       |    11 ||    11
 Stab: Paralysed         |       |       |     1 |       ||     1
Armor: Leather armour    |    43 |       |       |       ||    43
       Plate armour      |   190 |   308 |   264 |    81 ||   843
Dodge: Dodged            |   100 |    76 |    61 |    40 ||   277

Table legend: (Time is in decaauts)
 A = Elapsed time spent in this place.
 B = Non-inter-level travel time spent in this place.
 C = Inter-level travel time spent in this place.
 D = Time resting spent in this place.
 E = Time spent auto-exploring this place.
 F = Levels seen in this place.
 G = Mean time per level.
                   A        B        C        D        E       F      G
               +--------+--------+--------+--------+--------+-----+--------+
         Total |  10877 |  10546 |    331 |   3430 |   5147 |  10 | 1087.7 |
       Dungeon |   9505 |   9183 |    322 |   2620 |   4938 |   8 | 1188.1 |
        Temple |    106 |     97 |      9 |      0 |     83 |   1 |  106.0 |
        Bailey |   1265 |   1265 |      0 |    810 |    126 |   1 | 1265.0 |
               +--------+--------+--------+--------+--------+-----+--------+

Top non-repeatable levels by time:
     D:3: 3013 daAuts
     D:6: 1471 daAuts
     D:2: 1340 daAuts
  Bailey: 1265 daAuts
     D:7: 1089 daAuts
     D:1: 1068 daAuts
     D:4: 703 daAuts
     D:5: 689 daAuts
     D:8: 130 daAuts
  Temple: 106 daAuts
